 Dungeon Crawl Stone Soup version 0.27.0 (webtiles) character file.

Game seed: 7790847800756696409

1017 apoch the Cleaver (level 8, 0/71 HPs)
             Began as a Minotaur Fighter on July 31, 2021.
             Slain by Edmund (1 damage)
             ... on level 5 of the Dungeon.
             The game lasted 00:11:34 (4807 turns).

apoch the Cleaver (Minotaur Fighter)                Turns: 4807, Time: 00:11:34

Health: 0/71       AC:  9    Str: 21    XL:     8   Next: 1%
Magic:  0/7        EV:  7    Int:  5    God:
Gold:   158        SH:  9    Dex: 12    Spells: 7/7 levels left

rFire    . . .     SeeInvis .   a - +0 war axe
rCold    . . .     Faith    .   c - +0 kite shield
rNeg     . . .     Spirit   +   b - +0 scale mail
rPois    .         Reflect  .   (helmet restricted)
rElec    .         Harm     .   j - +0 cloak
rCorr    .         Rampage  .   (no gloves)
Will     .....                  (no boots)
Stlth    ..........             q - amulet of guardian spirit
HPRegen  0.21/turn              (no ring)
MPRegen  0.10/turn              (no ring)

@: mighty
A: horns 2, retaliatory headbutt
a: no special abilities


You were on level 5 of the Dungeon.
You visited 1 branch of the dungeon, and saw 5 of its levels.

You collected 158 gold pieces.

Inventory:

Hand Weapons
 a - a +0 war axe (weapon)
 o - a +0 flail
Missiles
 f - 58 stones (quivered)
 s - a throwing net
Armour
 b - a +0 scale mail (worn)
 c - a +0 kite shield (worn)
 j - a +0 cloak (worn)
Jewellery
 q - an amulet of guardian spirit (around neck)
 v - an amulet of magic regeneration
Wands
 r - a wand of acid (4)
 t - a wand of digging (3)
 u - a wand of paralysis (17)
Scrolls
 g - a scroll of summoning
 h - 2 scrolls of blinking
 i - a scroll of enchant armour {unknown}
 n - a scroll of amnesia
Potions
 e - 2 potions of curing {unknown}
 k - 3 potions of degeneration
 l - 2 potions of mutation
 m - a potion of ambrosia
 p - a potion of cancellation


   Skills:
 + Level 6.6 Fighting
 * Level 8.2 Axes
 + Level 6.6 Armour
 - Level 3.6 Shields


You had 7 spell levels left.
You didn't know any spells.
Your spell library contained the following spells:

 Spells                   Type           Power      Damage    Failure   Level
 Slow                     Hex            0%         N/A       100%        2
 Confusing Touch          Hex            0%         N/A       100%        3
 Vampiric Draining        Necr           0%         2d6       100%        3


Dungeon Overview and Level Annotations

Branches:
Dungeon (5/15)
 Temple: D:4-7

Altars:
Gozag
Uskayaw

Shops:
D:4 *

Annotations:
D:5 Edmund


Innate Abilities, Weirdness & Mutations

You have a pair of horns on your head.
You reflexively headbutt those who attack you in melee.


Message History

Edmund hits you with a +5 vorpal dire flail!
You closely miss Edmund.
Edmund is moderately wounded.
Edmund hits you with a +5 vorpal dire flail!
Your shield prevents you from hitting Edmund.
You headbutt Edmund!
Edmund is moderately wounded.
You barely miss the bullfrog skeleton.
The bullfrog skeleton hits you but does no damage.
Edmund hits you with a +5 vorpal dire flail!
The bullfrog skeleton hits you but does no damage.
You feel very mighty all of a sudden. You block Edmund's attack.
You block the bullfrog skeleton's attack.
Unknown command.
You slash Edmund! Your headbutt misses Edmund.
Edmund is heavily wounded.
You barely miss the bullfrog skeleton.
You block the bullfrog skeleton's attack.
Edmund hits you with a +5 vorpal dire flail.
The bullfrog skeleton closely misses you.
You furiously retaliate!
You headbutt the bullfrog skeleton!
Edmund hits you with a +5 vorpal dire flail!
* * * LOW HITPOINT WARNING * * *
x2 Unknown command.
You hit Edmund but do no damage. You headbutt Edmund.
Edmund is heavily wounded.
You slash the bullfrog skeleton! The bullfrog skeleton hits you.
* * * LOW HITPOINT WARNING * * *
You block Edmund's attack.
The bullfrog skeleton completely misses you.
You furiously retaliate!
You headbutt the bullfrog skeleton!!
You destroy the bullfrog skeleton!
You have reached level 8!
You feel agile.
You hit Edmund. You headbutt Edmund, but do no damage.
Edmund is heavily wounded.
Edmund hits you with a +5 vorpal dire flail!
* * * LOW HITPOINT WARNING * * *
You die...

...#....##...##...#
...#....#######...#
...#.....#...#....#
...#.....#.(.#....#
...#.....#...#....#
...#....##...##...#
..##....##...##...#
..#...............#
..#..........###@##
..#..........#...@......
..####..###รท##....(.....
.....#..##...#..........
.....#.......#..........
.....#.......#..........
.....#.......#..........
.>...#.......#..........
.....#.......# ...


You could see Edmund.

Vanquished Creatures
  Grinder (D:3)
  An ogre (D:2)
  A black bear (D:5)
  A water moccasin skeleton (D:5)
  2 howler monkeys
  A bullfrog zombie (D:5)
  A hound (D:4)
  2 orc priests
  2 bullfrog skeletons (D:5)
  An iguana (D:4)
  An orc wizard (D:5)
  A hound skeleton (D:4)
  8 gnolls
  9 adders
  5 worms
  2 dart slugs
  12 orcs
  8 ball pythons
  6 endoplasms
  3 giant cockroaches
  5 hobgoblins
  8 jackals
  4 kobolds
  3 quokkas
  6 bats
  8 frilled lizards
  8 goblins
  5 rats
115 creatures vanquished.

Notes
Turn   | Place    | Note
-------+----------+-------------------------------------------
     0 | D:1      | apoch the Minotaur Fighter began the quest for the Orb.
     0 | D:1      | Reached XP level 1. HP: 19/19 MP: 0/0
   202 | D:1      | Reached skill level 3 in Axes
   202 | D:1      | Reached XP level 2. HP: 27/27 MP: 1/1
   787 | D:1      | Reached XP level 3. HP: 32/33 MP: 2/2
  1213 | D:2      | Reached skill level 4 in Axes
  1257 | D:2      | Found a faded altar of an unknown god.
  1324 | D:2      | Found a hide-covered altar of Uskayaw.
  1342 | D:2      | Reached XP level 4. HP: 40/40 MP: 3/3
  2037 | D:3      | Noticed an ogre
  2051 | D:2      | Killed an ogre
  2052 | D:2      | Reached skill level 5 in Axes
  2052 | D:2      | Reached XP level 5. HP: 28/47 MP: 4/4
  2184 | D:3      | Reached skill level 5 in Armour
  2185 | D:3      | Reached skill level 5 in Fighting
  2295 | D:3      | Reached XP level 6. HP: 56/56 MP: 5/5
  2361 | D:3      | Noticed Grinder
  2549 | D:3      | Killed Grinder
  2550 | D:3      | Reached skill level 6 in Axes
  3305 | D:4      | Reached XP level 7. HP: 42/62 MP: 6/6
  3563 | D:4      | Found an opulent altar of Gozag.
  3568 | D:4      | Found Gozag's Platinum Reserve.
  3684 | D:4      | Reached skill level 7 in Axes
  4033 | D:5      | Entered Level 5 of the Dungeon
  4579 | D:5      | Reached skill level 8 in Axes
  4796 | D:5      | Noticed Edmund
  4807 | D:5      | Reached XP level 8. HP: 8/71 MP: 1/7
  4807 | D:5      | HP: 1/71 [Edmund (8)]
  4807 | D:5      | Slain by Edmund

Illustrated notes

Levels and vault maps discovered:
D:1:      dpeg_arrival_arbitrary_b, layout_basic, hangedman_decor_growths,
          serial_bayou_pond_b
D:2:      layout_basic, ebering_ecumenical_altar_mist, basic_altar
D:3:      layout_basic, kennysheep_generic_room_15, uniq_grinder
D:4:      layout_gridville, nicolae_gozag_zags_fifth_avenue
D:5:      layout_gridville, uniq_edmund

Skill      XL: |  1  2  3  4  5  6  7 |
---------------+----------------------+-----
Axes           | 3 4 5 6 8 |  8.2
Armour         | 4 5 6 |  6.6
Fighting       | 4 5 6 |  6.6
Shields        | |  3.6

Action                   |  1- 3 |  4- 6 |  7- 9 || total
-------------------------+-------+-------+-------++-------
Melee: War axe           |    89 |    88 |   110 ||   287
       Headbutt          |    10 |    10 |    20 ||    40
Throw: Stone             |    34 |    83 |    53 ||   170
  Use: Scroll            |       |    10 |       ||    10
       Potion            |       |       |     1 ||     1
Armor: Scale mail        |    40 |    19 |    48 ||   107
Dodge: Dodged            |    32 |    18 |    32 ||    82
Block: Kite shield       |    40 |    37 |    66 ||   143
